 Dungeon Sprint DCSS version 0.17-a0-1840-g87820a2 (webtiles) character file.

2352 nuthulu the Blocker (level 9, 0/65 HPs)
             Began as a Gargoyle Fighter on Sept 16, 2015.
             Was a High Priest of Trog.
             Slain by a trapdoor spider (8 damage)
             ... in the Dungeon (Sprint III: "The Ten Rune Challenge").
             The game lasted 00:04:03 (1606 turns).

nuthulu the Blocker (Gargoyle Fighter)              Turns: 1606, Time: 00:04:03

Health: 0/65       AC: 14    Str: 22      XL:     9   Next: 43%
Magic:  9/9        EV:  9    Int:  4 (7)  God:    Trog [*****.]
Gold:   28         SH: 13    Dex: 12      Spells: 0 memorised, 8 levels left

rFire  . . .     SeeInvis .     a - +0 flail
rCold  . . .     Clarity  .     b - +0 scale mail
rNeg   + . .     SustAt   .     c - +0 shield
rPois  ∞         Gourm    .     (helmet restricted)
rElec  +         Spirit   .     (no cloak)
rCorr  .         Warding  .     (no gloves)
rMut   .         NoTele   +     (no boots)
MR     .....                    (no amulet)
Stlth  ..........               (no ring)
                                (no ring)

@: not resistant to hostile enchantments, extremely unstealthy
A: antennae 1, blurry vision 1, deterioration 1, dopey 1, negative energy
resistance 1, electricity resistance, strong 1, wild magic 1, unbreathing,
petrification resistance, rot immunity, AC +5
a: Burn Spellbooks, Berserk, Trog's Hand, Brothers in Arms, Renounce Religion


You were in the Dungeon.
You worshipped Trog.
Trog was extremely pleased with you.
You were not hungry.

You visited 1 branch You collected 28 gold pieces.

Inventory:

Hand weapons
 a - a +0 flail (weapon)
Missiles
 m - 3 throwing nets (quivered)
Armour
 b - a +0 scale mail (worn)
 c - a +0 shield (worn)
Scrolls
 k - a scroll of blinking
 n - a scroll of immolation {unknown}
 o - a scroll of random uselessness {unknown}
 p - 4 scrolls of remove curse
 s - a scroll of holy word {unknown}
Potions
 d - 2 potions of might
 f - 2 potions of curing
 g - 2 potions of heal wounds
 i - 2 potions of magic
 r - a potion of resistance
Miscellaneous
 j - a legendary deck of war {drawn: 4}
Comestibles
 e - a bread ration
 h - a royal jelly
 l - 12 chunks of flesh
 q - 2 fruits


   Skills:
 + Level 11.8 Fighting
 + Level 10.8 Maces & Flails
 + Level 11.8 Armour
 + Level 11.9 Shields


You had 8 spell levels left.
You didn't know any spells.

Dungeon Overview and Level Annotations

Branches:
Dungeon (1/1)

Altars:
Cheibriados
Dithmenos
Elyvilon
Fedhas
Gozag
Kikubaaqudgha
Makhleb
Nemelex Xobeh
Okawaru
Qazlal
Ru
Sif Muna
Trog
Vehumet
Xom
Yredelemnul
Zin
The Shining One
Jiyva
Lugonu


Innate Abilities, Weirdness & Mutations

You are resistant to torment.
Your stone body is resilient (AC +5).
You are immune to poison.
You resist negative energy.
You are resistant to electric shocks.
You can survive without breathing.
You are immune to petrification.
You are immune to rotting.
You have a pair of small antennae on your head.
Scrolls take you a little longer to read.
Your body sometimes deteriorates upon taking damage.
You are dopey. (Int -2)
Your muscles are strong. (Str +2)
Your spells are a little harder to cast, but a little more powerful.


Message History

You block the trapdoor spider's attack.
The trapdoor spider bites you but does no damage.
You barely miss the trapdoor spider.
The trapdoor spider is lightly wounded.
You block the trapdoor spider's attack. The trapdoor spider bites you!
Your body deteriorates!
You feel dopey.
The trapdoor spider bites you but does no damage.
You hit the trapdoor spider but do no damage.
The trapdoor spider is lightly wounded.
You block the trapdoor spider's attack. x2
You closely miss the trapdoor spider.
The trapdoor spider is lightly wounded.
You block the trapdoor spider's attack. The trapdoor spider bites you!
* * * LOW HITPOINT WARNING * * *
You hit the trapdoor spider.
The trapdoor spider is lightly wounded.
The trapdoor spider bites you.
* * * LOW HITPOINT WARNING * * *
The trapdoor spider bites you!
You die...

####################
..#.#.#.....#......+{
#cc#.##.###.#....^.#{
)#.#.##.#.)##......#{
.#.§#).##.%+^......#{
▓▓▓▓▓▓▓▓▓▓▓#.......#{
{ { #.^.....#{
+....s..#{ #...s@..#
##+######


You could see 2 trapdoor spiders.

Vanquished Creatures
  Erolcha (D)
  A deep elf priest (D)
  A redback (D)
  A shadow (D)
  A spatial vortex (D)
  2 hill giants (D)
  A necrophage (D)
  2 two-headed ogres (D)
  A water elemental (D)
  A jelly (D)
  A wizard (D)
  Jessica (D)
  A necromancer (D)
  3 humans (D)
  A kobold demonologist (D)
  2 oozes (D)
  A phantom (D)
  A rat (D)
23 creatures vanquished.

Vanquished Creatures (collateral kills)
  A two-headed ogre (D)
1 creature vanquished.

Vanquished Creatures (others)
  2 draconian scorchers (D)
  A yaktaur (D)
3 creatures vanquished.

Grand Total: 27 creatures vanquished

Notes
Turn   | Place    | Note
--------------------------------------------------------------
     0 | D        | nuthulu the Gargoyle Fighter began the quest for the Orb.
     0 | D        | Reached XP level 1. HP: 14/14 MP: 1/1
    61 | D        | Killed a yaktaur
    67 | D        | Reached skill level 4 in Armour
    67 | D        | Reached XP level 2. HP: 16/20 MP: 2/2
   117 | D        | Killed a white draconian scorcher
   130 | D        | Noticed Jessica
   136 | D        | Killed Jessica
   136 | D        | Reached XP level 3. HP: 24/24 MP: 3/3
   177 | D        | Reached skill level 5 in Fighting
   177 | D        | Reached skill level 5 in Armour
   177 | D        | Reached skill level 5 in Shields
   241 | D        | Killed a white draconian scorcher
   294 | D        | Reached XP level 4. HP: 31/31 MP: 4/4
   314 | D        | Gained mutation: Your body sometimes deteriorates upon taking damage. [potion of mutation]
   314 | D        | Gained mutation: Scrolls take you a little longer to read. [potion of mutation]
   314 | D        | Gained mutation: Your spells are a little harder to cast, but a little more powerful. [potion of mutation]
   315 | D        | Gained mutation: You are dopey. (Int -2) [potion of mutation]
   316 | D        | Gained mutation: Your muscles are strong. (Str +2) [potion of mutation]
   316 | D        | Gained mutation: You have a pair of small antennae on your head. [potion of mutation]
   413 | D        | Noticed a water elemental
   423 | D        | Killed a water elemental
   423 | D        | Reached skill level 5 in Maces & Flails
   423 | D        | Reached skill level 6 in Armour
   593 | D        | Found an iron altar of Okawaru.
   593 | D        | Found a bloodstained altar of Trog.
   593 | D        | Noticed a human
   595 | D        | Noticed a human
   605 | D        | Killed a human
   605 | D        | Reached skill level 7 in Fighting
   605 | D        | Reached XP level 5. HP: 15/38 MP: 5/5
   605 | D        | Reached XP level 6. HP: 17/44 MP: 6/6
   606 | D        | Killed a human
   606 | D        | Reached skill level 8 in Fighting
   616 | D        | Became a worshipper of Trog the Wrathful
   808 | D        | Found a radiant altar of Vehumet.
   808 | D        | Found a deep blue altar of Sif Muna.
   808 | D        | Found an ancient bone altar of Kikubaaqudgha.
   808 | D        | Noticed a wizard
   809 | D        | Acquired Trog's first power
   814 | D        | Noticed a hellwing
   815 | D        | Killed a wizard
   825 | D        | Acquired Trog's second power
   825 | D        | Reached XP level 7. HP: 42/50 MP: 7/7
   843 | D        | Found a glowing silver altar of Zin.
   843 | D        | Found a glowing golden altar of the Shining One.
   843 | D        | Found a white marble altar of Elyvilon.
   844 | D        | Noticed a deep elf priest
   849 | D        | Killed a deep elf priest
   849 | D        | Reached skill level 9 in Fighting
   880 | D        | Found a basalt altar of Yredelemnul.
   880 | D        | Found a snail-covered altar of Cheibriados.
   880 | D        | Found a blossoming altar of Fedhas.
   880 | D        | Noticed a necrophage
   880 | D        | Noticed a necromancer
   884 | D        | Killed a necromancer
   888 | D        | Killed a necrophage
  1017 | D        | Noticed a jelly
  1025 | D        | Killed a jelly
  1055 | D        | Noticed a shadow
  1060 | D        | Killed a shadow
  1060 | D        | Reached skill level 10 in Fighting
  1060 | D        | Reached skill level 10 in Armour
  1060 | D        | Reached skill level 10 in Shields
  1060 | D        | Reached XP level 8. HP: 52/57 MP: 8/8
  1086 | D        | Found a stormy altar of Qazlal.
  1086 | D        | Found a sacrificial altar of Ru.
  1086 | D        | Found a burning altar of Makhleb.
  1086 | D        | Found a shimmering altar of Xom.
  1087 | D        | Found a viscous altar of Jiyva.
  1087 | D        | Found a shadowy altar of Dithmenos.
  1087 | D        | Found a sparkling altar of Nemelex Xobeh.
  1087 | D        | Found a corrupted altar of Lugonu.
  1087 | D        | Found an opulent altar of Gozag.
  1087 | D        | Noticed a spatial vortex
  1102 | D        | Killed a spatial vortex
  1188 | D        | Noticed a two-headed ogre
  1188 | D        | Noticed a two-headed ogre
  1198 | D        | Killed a two-headed ogre
  1219 | D        | Killed a two-headed ogre
  1250 | D        | Noticed a two-headed ogre
  1256 | D        | Killed a two-headed ogre
  1263 | D        | Noticed a hill giant
  1282 | D        | Killed a hill giant
  1282 | D        | Acquired Trog's third power
  1401 | D        | Noticed a hill giant
  1401 | D        | Noticed Erolcha
  1408 | D        | Killed Erolcha
  1408 | D        | Reached skill level 11 in Fighting
  1408 | D        | Reached skill level 10 in Maces & Flails
  1408 | D        | Reached XP level 9. HP: 64/64 MP: 9/9
  1414 | D        | Killed a hill giant
  1446 | D        | Noticed a redback
  1455 | D        | Killed a redback
  1601 | D        | Noticed a trapdoor spider
  1602 | D        | Noticed a trapdoor spider
  1606 | D        | Slain by a trapdoor spider

Vault maps used:
D:        dungeon_sprint_mu

Action                   |  1- 3 |  4- 6 |  7- 9 || total
-------------------------+-------+-------+-------++-------
Melee: Flail             |    37 |    36 |    71 ||   144
Invok: Burn Spellbooks   |       |     1 |       ||     1
       Trog's Hand       |       |       |     3 ||     3
       Berserk           |       |       |     2 ||     2
Evoke: Deck              |       |       |     4 ||     4
  Use: Potion            |     1 |     6 |       ||     7
       Scroll            |       |     2 |       ||     2
  Eat: Bread ration      |       |       |     1 ||     1
       Chunk             |       |       |     1 ||     1
